 Dungeon Crawl Stone Soup version 0.21-a0-440-g28109cb (webtiles) character file.

3771 Megalobster the Grappler (level 9, 0/87 HPs)
             Began as a Troll Monk on Nov 10, 2017.
             Was an Elder of Wu Jian.
             Succumbed to a killer bee's poison
             ... on level 8 of the Dungeon.
             The game lasted 00:34:08 (6239 turns).

Megalobster the Grappler (Troll Monk)               Turns: 6239, Time: 00:34:09

Health: 0/87       AC:  6    Str: 23    XL:     9   Next: 94%
Magic:  11/11      EV: 12    Int:  6    God:    Wu Jian [****..]
Gold:   345        SH:  0    Dex: 13    Spells: 8/8 levels left

rFire    . . .     SeeInvis .     - Unarmed
rCold    . . .     Gourm    +   (no shield)
rNeg     . . .     Faith    .   a - +0 robe
rPois    .         Spirit   .   (helmet restricted)
rElec    .         Reflect  .   v - +0 cloak
rCorr    .         Harm     .   (gloves unavailable)
MR       .....                  (boots unavailable)
Stlth    ++........             q - amulet of rage
HPRegen  0.64/turn              F - ring of flight
MPRegen  0.12/turn              (no ring)

@: lethally poisoned (0 -> -14), berserk cooldown, slowed, very slow
A: unfitting armour, claws 3, fast metabolism 3, gourmand, regeneration 1,
shaggy fur 1, tough skin 2
a: Serpent's Lash, Renounce Religion, Evoke Berserk Rage, Evoke Flight


You were on level 8 of the Dungeon.
You worshipped Wu Jian.
Wu Jian was greatly pleased with you.
You were very full.

You visited 1 branch of the dungeon, and saw 8 of its levels.

You collected 345 gold pieces.

Inventory:

Hand Weapons
 y - a +2 hand axe of holy wrath
 C - a +0 battleaxe
 I - a +2 quarterstaff of draining
 L - a +5 flail of protection
Missiles
 d - 169 stones (quivered)
 f - 3 large rocks
 O - 5 tomahawks of returning
Armour
 a - a +0 robe (worn)
 c - a +0 shield
 v - a +0 cloak (worn)
 M - a +0 buckler
 P - a +0 pair of gloves
Jewellery
 q - an amulet of rage (around neck)
 A - an uncursed amulet of regeneration
 F - a ring of flight (left claw)
Wands
 B - a wand of digging (3/24)
 D - a wand of iceblast (8/15)
 G - a wand of confusion (5/48)
 H - a wand of random effects (25/48)
 Q - a wand of enslavement (12/24)
 S - a wand of digging (16/24)
Scrolls
 e - 3 scrolls of remove curse
 g - 2 scrolls of teleportation
 n - a scroll of amnesia
 p - a scroll of enchant weapon {unknown}
 x - a scroll of recharging {unknown}
 R - a scroll of random uselessness {unknown}
Potions
 i - a potion of curing
 k - 2 potions of invisibility
 m - a potion of agility
 r - 2 potions of cancellation
 u - a potion of berserk rage {unknown}
 w - 3 potions of haste
 z - a potion of degeneration {unknown}
 E - a potion of heal wounds {unknown}
 J - 3 potions of flight {unknown}
 K - a potion of lignification {unknown}
 N - a potion of might {unknown}
Books
 j - a book of Maledictions

   Spells                             Type                      Level
   a - Corona                         Hexes                        1
   b - Ensorcelled Hibernation        Hexes/Ice                    2
   c - Confuse                        Hexes                        3
   d - Tukima's Dance                 Hexes                        3
   e - Dazzling Spray                 Conjuration/Hexes            3
 t - a book of Maledictions

   Spells                             Type                      Level
   a - Corona                         Hexes                        1
   b - Ensorcelled Hibernation        Hexes/Ice                    2
   c - Confuse                        Hexes                        3
   d - Tukima's Dance                 Hexes                        3
   e - Dazzling Spray                 Conjuration/Hexes            3
Comestibles
 b - 8 bread rations
 h - 2 fruits
 l - a chunk of flesh
 o - 4 royal jellies
 s - 4 meat rations


   Skills:
 + Level 4.9 Fighting
 + Level 4.2 Throwing
 + Level 3.8 Armour
 + Level 4.9 Dodging
 - Level 1.3 Stealth
 * Level 8.0 Unarmed Combat
 * Level 5.0 Evocations


You had 8 spell levels left.
You didn't know any spells.

Dungeon Overview and Level Annotations

Branches:
Dungeon (8/15)             Temple (0/1) D:4
   Lair: D:8-11

Altars:
Elyvilon
Makhleb
Ru
Wu Jian
Xom
Yredelemnul
The Shining One

Shops:
D:8 (


Innate Abilities, Weirdness & Mutations

You are too large for most types of armour.
You have claws for hands.
Your metabolism is lightning-fast.
You like to eat raw meat.
Your natural rate of healing is unusually fast.
You are covered in fur. (AC +1)
You have very tough skin. (AC +2)


Message History

The killer bee is almost dead.
* * * LOW HITPOINT WARNING * * *
You feel sick.
The killer bee stings you but does no damage.
You scratch the killer bee.
You kill the killer bee!
The Council accepts your kill.
* * * LOW HITPOINT WARNING * * *
You feel sick.
You are too berserk!
* * * LOW HITPOINT WARNING * * *
You feel sick.
You feel a strong urge to attack something.
* * * LOW HITPOINT WARNING * * *
You feel sick.
Unknown command.
You are no longer berserk.
You are exhausted.
You feel yourself slow down.
You die...

###### ####### ####
..^[.###.....#############...#
..>.............@.............
.....#.#.....####..........#
##...........# #...†......#
#.....(.....# #..........#
#.......∩...# #..........#
#...........# #..........#
#......######
#..........###### #......#
#...............# #......#
###########......


There were no monsters in sight!

Vanquished Creatures
  Pikel (D:8)
  The ghost of Caerun the Cleaver, an amateur MiAK of Lugonu (D:4)
  Prince Ribbit (D:8)
  2 hippogriffs
  The ghost of Heskey the Skirmisher, an amateur NaGl (D:5)
  Edmund (D:6)
  An orc warrior (D:6)
  A sky beast (D:6)
  A phantom (D:6)
  A necrophage (D:7)
  An ogre (D:4)
  2 centaurs
  A big kobold (D:8)
  2 bullfrogs (D:6)
  Blork the orc (D:4)
  A scorpion (D:5)
  5 killer bees (D:8)
  4 crimson imps
  2 bullfrog zombies
  A centaur zombie (D:6)
  4 hounds
  2 jellies
  A centaur skeleton (D:8)
  Ijyb (D:4)
  Terence (D:3)
  2 iguanas
  6 orc wizards
  6 worker ants
  A killer bee zombie (D:5)
  3 gnolls (D:3)
  12 adders
  2 shadow imps (D:6)
  An ooze (D:1)
  A worm (D:2)
  3 dart slugs
  3 leopard geckos
  21 orcs
  8 bats
  7 giant cockroaches
  9 goblins
  9 hobgoblins
  12 jackals
  4 quokkas
  A ball python (D:1)
  4 frilled lizards
  A giant cockroach zombie (D:5)
  A jackal zombie (D:6)
  9 kobolds
  A leopard gecko zombie (D:5)
  A quokka skeleton (D:5)
  A quokka zombie (D:7)
  15 rats
184 creatures vanquished.

Vanquished Creatures (others)
  An adder (D:6)
  An orc (D:8)
  A quokka (D:6)
3 creatures vanquished.

Grand Total: 187 creatures vanquished

Notes
Turn   | Place    | Note
-------+----------+-------------------------------------------
     0 | D:1      | Megalobster the Troll Monk began the quest for the Orb.
     0 | D:1      | Reached XP level 1. HP: 22/22 MP: 0/0
   158 | D:1      | Reached XP level 2. HP: 27/29 MP: 1/1
   358 | D:1      | Reached XP level 3. HP: 33/36 MP: 2/2
   873 | D:2      | Reached XP level 4. HP: 32/44 MP: 3/3
  1182 | D:2      | Found a basalt altar of Yredelemnul.
  1395 | D:3      | Reached skill level 4 in Unarmed Combat
  1493 | D:3      | Found an ornate altar of the Wu Jian Council.
  1515 | D:3      | Became a worshipper of the Wu Jian Council
  1515 | D:3      | Reached * piety under Wu Jian
  1515 | D:3      | Reached ** piety under Wu Jian
  1611 | D:3      | Reached XP level 5. HP: 53/53 MP: 4/4
  1797 | D:3      | Noticed Terence
  1808 | D:3      | Killed Terence
  1808 | D:3      | Reached skill level 1 in Throwing
  1808 | D:3      | Reached skill level 1 in Armour
  2089 | D:4      | Found a staircase to the Ecumenical Temple.
  2160 | D:4      | Noticed Blork the orc
  2191 | D:4      | Killed Blork the orc
  2191 | D:4      | Reached XP level 6. HP: 13/61 MP: 5/5
  2193 | D:4      | Reached skill level 1 in Evocations
  2379 | D:4      | Noticed Caerun's ghost (amateur MiAK)
  2393 | D:4      | Killed Caerun's ghost
  2393 | D:4      | Reached skill level 5 in Unarmed Combat
  2393 | D:4      | Reached XP level 7. HP: 27/67 MP: 5/7
  2552 | D:4      | Noticed Ijyb
  2572 | D:4      | Killed Ijyb
  2921 | D:4      | Found a sacrificial altar of Ru.
  2923 | D:4      | Found a shimmering altar of Xom.
  2987 | D:5      | Entered Level 5 of the Dungeon
  3403 | D:5      | Reached *** piety under Wu Jian
  3620 | D:5      | Noticed Heskey's ghost (amateur NaGl)
  3644 | D:5      | Killed Heskey's ghost
  3644 | D:5      | Reached XP level 8. HP: 64/78 MP: 7/9
  3680 | D:5      | Reached skill level 6 in Unarmed Combat
  4560 | D:6      | Noticed Edmund
  4590 | D:6      | Killed Edmund
  4719 | D:6      | Found a white marble altar of Elyvilon.
  4897 | D:6      | Found a burning altar of Makhleb.
  5196 | D:7      | Reached XP level 9. HP: 85/85 MP: 10/10
  5467 | D:7      | Reached skill level 7 in Unarmed Combat
  5637 | D:7      | Reached **** piety under Wu Jian
  5902 | D:8      | Noticed Prince Ribbit
  5909 | D:8      | Killed Prince Ribbit
  5946 | D:8      | Noticed Pikel
  5964 | D:8      | Killed Pikel
  6025 | D:8      | Found a glowing golden altar of the Shining One.
  6124 | D:8      | Found Ixeuj's Weapon Emporium.
  6215 | D:8      | Reached skill level 5 in Evocations
  6220 | D:8      | Reached skill level 8 in Unarmed Combat
  6234 | D:8      | HP: 6/130 [poisoned by a killer bee]
  6238 | D:8      | HP: 1/130 [poisoned by a killer bee]
  6239 | D:8      | Succumbed to a killer bee's poison

Vault maps used:
D:1:      lightli_arrival_quake
D:2:      yredelemnul_altar_generic
D:3:      old_standard_altar, nrook_mini_backslash, uniq_terence
D:4:      nicolae_overflow_hidden_temple, minmay_temple_entry_statues_fountains,
          uniq_ijyb, uniq_blork_the_orc
D:5:      first_bread
D:6:      elyvilon_altar_4, makhleb_heckhound_becter, uniq_edmund
D:8:      lemuel_coloured_pillars_altar, kennysheep_mini_moat, serial_shops,
          shop, uniq_joseph, uniq_prince_ribbit1, uniq_pikel

Skill      XL: |  1  2  3  4  5  6  7  8  9 |
---------------+----------------------------+-----
Unarmed Combat | 4 5 6 8 |  8.0
Dodging        | 3 4 |  4.9
Fighting       | 3 4 |  4.9
Throwing       | 1 2 3 4 |  4.2
Armour         | 1 2 3 |  3.8
Evocations     | 1 2 3 5 |  5.0
Stealth        | |  1.3

Action                   |  1- 3 |  4- 6 |  7- 9 || total
-------------------------+-------+-------+-------++-------
Melee: Unarmed           |   107 |   113 |   337 ||   557
       Punch             |       |     4 |     6 ||    10
Throw: Stone             |       |       |     9 ||     9
 Abil: Evoke Berserk Rag |       |       |     1 ||     1
  Use: Scroll            |       |     2 |     8 ||    10
 Stab: Sleeping          |     5 |     2 |     3 ||    10
  Eat: Chunk             |    13 |    14 |    36 ||    63
Armor: Robe              |    22 |    47 |    70 ||   139
Dodge: Dodged            |    50 |    58 |   143 ||   251

Table legend:
 A = Spawn XP
 B = Non-spawn XP
 C = Spawn XP percentage of total XP
 D = Spawn monster count
 E = Non-spawn monster count
 F = Spawn count percentage of total count
 G = Total turns spent on level
                    A         B        C        D         E        F      G
               +---------+---------+-------+---------+---------+-------+---------
         Total |       0 |    5388 |   0.0 |       0 |     184 |   0.0 |  6239
               +---------+---------+-------+---------+---------+-------+---------
           D:1 |       0 |      60 |   0.0 |       0 |      34 |   0.0 |   709
           D:2 |       0 |      67 |   0.0 |       0 |      15 |   0.0 |   636
           D:3 |       0 |     140 |   0.0 |       0 |      30 |   0.0 |   712
           D:4 |       0 |     734 |   0.0 |       0 |      14 |   0.0 |   930
           D:5 |       0 |     681 |   0.0 |       0 |      27 |   0.0 |  1307
           D:6 |       0 |    1099 |   0.0 |       0 |      25 |   0.0 |   812
           D:7 |       0 |     715 |   0.0 |       0 |      17 |   0.0 |   703
           D:8 |       0 |    1892 |   0.0 |       0 |      22 |   0.0 |   430
               +---------+---------+-------+---------+---------+-------+---------
